 Dungeon Crawl Stone Soup version bcrawl-1.37.2 (webtiles) character file.

Game seed: 318384167112111942

320313 Baz the Basher (level 8, -1/89 HPs)
             Began as an Ent Berserker on Nov 6, 2022.
             Was a Priest of Trog.
             Slain by a troll (8 damage)
             ... on level 5 of the Dungeon.
             The game lasted 00:08:18 (3855 turns).

Baz the Basher (Ent Berserker)                      Turns: 3855, Time: 00:08:18

Health: -1/89      AC: 22    Str: 30    XL:     8   Next: 52%
Magic:  10/10      EV: 11    Int: 11    God:    Trog [***...]
Gold:   170        SH:  0    Dex: 11    Spells: 7/7 levels left

rFire    . . .     GDR:     32% v - +2 morningstar (protect)
rCold    . . .     SeeInvis .   (no shield)
rNeg     + + +     Gourm    .   (armour unavailable)
rPois    +         Faith    .   (helmet restricted)
rElec    .         Spirit   .   (no cloak)
rCorr    +         Reflect  .   (gloves unavailable)
MR       .....                  (boots unavailable)
Stlth    ..........             (no amulet)
HPRegen  0.24/turn              w - ring "Puhafym" {Int+3 Stlth--}
MPRegen  0.12/turn              d - ring of resist corrosion

@: mighty, protection aura, berserk cooldown, very slow
A: large, slow actions, passwall, strong branches, negative energy resistance 3,
poison resistance, slow metabolism 1, torment resistance, unbreathing, AC +15
a: Passwall, Berserk, Trog's Hand, Renounce Religion


You were on level 5 of the Dungeon.
You worshipped Trog.
Trog was most pleased with you.
You were hungry.

You visited 1 branch of the dungeon, and saw 5 of its levels.

You collected 415 gold pieces.
You spent 245 gold pieces at shops.

Inventory:

Hand Weapons
 a - a +0 mace
 t - a +0 flail
 v - a +2 morningstar of protection (weapon)
Jewellery
 d - a ring of resist corrosion (right hand)
 w - the ring "Puhafym" (left hand) {Int+3 Stlth--}
   (You found it on level 3 of the Dungeon)

   [ring of attention]

   It affects your intelligence (+3).
   It makes you much less stealthy.
 y - the ring of Diorifun {+Fly Int+2}
   (You found it on level 3 of the Dungeon)

   [ring of flight]

   It affects your intelligence (+2).
   It lets you fly.
Wands
 l - a wand of acid (3)
Scrolls
 b - 4 scrolls of teleportation
 c - 2 scrolls of fog
 h - 3 scrolls of blinking
 i - 2 scrolls of identify
 j - a scroll of enchant armour {unknown}
 o - 2 scrolls of remove curse
 p - a scroll of magic mapping {unknown}
 u - a scroll of fear {unknown}
 A - a scroll of enchant weapon {unknown}
 B - a scroll of immolation {unknown}
Potions
 f - a potion of ambrosia {unknown}
 k - 3 potions of agility {unknown}
 m - 5 potions of curing {unknown}
 n - a potion of flight
 q - 3 potions of might
 r - a potion of brilliance {unknown}
 s - a potion of cancellation {unknown}
 x - a potion of mutation {unknown}
 z - a potion of magic
Comestibles
 e - 12 rations {!d}


   Skills:
 + Level 6.1 Fighting
 * Level 9.1 Maces & Flails
 + Level 5.1 Dodging
 + Level 3.7 Evocations


You had 7 spell levels left.
You didn't know any spells.
Your spell library was empty.

Dungeon Overview and Level Annotations

Branches:
Dungeon (5/12)             Temple (0/1) D:5

Altars:
Elyvilon
Okawaru
Trog
Vehumet

Shops:
D:5 *


Innate Abilities, Weirdness & Mutations

You move and act slowly.
You can pass through walls and trees.
Your branches can wield two-handed weapons with a shield.
Your thick bark is tough. (AC +15)
You are too large for most types of armour.
You are immune to negative energy. (rN+++)
Your system is resistant to poisons. (rPois)
You have a slow metabolism.
You are immune to unholy pain and torment.
You can survive without breathing.


Message History

The troll bites you but does no damage. The troll barely misses you. x2
You barely miss the troll.
The troll is heavily wounded.
The troll bites you but does no damage. The troll claws you.
* * * LOW HITPOINT WARNING * * *
The troll claws you.
* * * LOW HITPOINT WARNING * * *
The troll bites you but does no damage. The troll closely misses you.
The troll claws you.
* * * LOW HITPOINT WARNING * * *
You puncture the troll!
The troll is severely wounded.
The troll bites you but does no damage. The troll claws you but does no damage.
The troll closely misses you. The troll bites you but does no damage.
The troll claws you but does no damage. The troll barely misses you.
You barely miss the troll.
The troll is heavily wounded.
The troll barely misses you. The troll claws you but does no damage.
The troll claws you!
You die...

.≈ ###.##......#######
#.###...### ###.###...##
....#.....## ..
#...#.....# # ..
#..##...#..## #.#.
#....#####..### #.#.
##..............
###...###..#####@#..####
....#...)..# ##T## #
....##.....###.O#.#
.....#..T........#
#......O....†....#
.................#
..#...'........### .
###........#..#
...#......#...#


You could see a troll and an ogre.

Vanquished Creatures
  Sigmund (D:4)
  Eustachio (D:4)
  A water moccasin (D:5)
  An ice beast (D:5)
  A black bear (D:5)
  A phantom (D:4)
  2 ogres
  Blork the orc (D:5)
  A scorpion (D:5)
  2 howler monkeys
  An orc priest (D:4)
  A crimson imp (D:4)
  A jelly (D:5)
  An orc wizard (D:5)
  A bullfrog skeleton (D:5)
  2 iguanas (D:5)
  Natasha (D:4)
  A statue (D:4)
  2 worker ants (D:5)
  4 adders
  4 oozes
  An adder skeleton (D:5)
  An adder zombie (D:4)
  A worm (D:2)
  A dart slug (D:3)
  4 leopard geckos
  20 orcs
  A ball python (D:1)
  6 bats
  5 giant cockroaches
  5 goblins
  12 hobgoblins
  3 jackals (D:3)
  11 kobolds
  5 quokkas
  4 frilled lizards
  5 rats
116 creatures vanquished.

Notes
Turn   | Place    | Note
-------+----------+-------------------------------------------
     0 | D:1      | Baz the Ent Berserker began the quest for the Orb.
     0 | D:1      | Reached XP level 1. HP: 25/25 MP: 1/1
   167 | D:1      | Reached skill level 4 in Maces & Flails
   167 | D:1      | Reached XP level 2. HP: 30/33 MP: 2/2
   399 | D:1      | Reached ** piety under Trog
   553 | D:1      | Reached XP level 3. HP: 40/40 MP: 3/3
  1163 | D:2      | Reached skill level 5 in Maces & Flails
  1424 | D:2      | Found an iron altar of Okawaru.
  1424 | D:2      | Found a bloodstained altar of Trog.
  1512 | D:3      | Reached XP level 4. HP: 40/51 MP: 4/4
  1706 | D:3      | Reached XP level 5. HP: 57/58 MP: 5/5
  1791 | D:3      | Got a bound silver ring
  1804 | D:3      | Identified the cursed ring "Puhafym" {Int+3 Stlth--} (You
                  | found it on level 3 of the Dungeon)
  1836 | D:3      | Reached skill level 1 in Evocations
  2058 | D:3      | Got an ancient platinum ring
  2371 | D:4      | Noticed an ogre
  2372 | D:4      | Noticed Natasha
  2377 | D:4      | Killed Natasha
  2379 | D:4      | Killed an ogre
  2380 | D:4      | Reached skill level 6 in Maces & Flails
  2380 | D:4      | Reached XP level 6. HP: 68/68 MP: 5/7
  2419 | D:4      | Reached *** piety under Trog
  2677 | D:4      | Noticed Eustachio
  2696 | D:4      | Killed Eustachio
  2697 | D:4      | Reached skill level 7 in Maces & Flails
  2732 | D:4      | Identified the ring of Diorifun {+Fly Int+2} (You found it
                  | on level 3 of the Dungeon)
  2747 | D:4      | Found a radiant altar of Vehumet.
  2759 | D:4      | Reached XP level 7. HP: 72/77 MP: 8/8
  2948 | D:4      | Found a white marble altar of Elyvilon.
  3018 | D:4      | Noticed Sigmund
  3030 | D:4      | Killed Sigmund
  3031 | D:4      | Reached skill level 5 in Fighting
  3293 | D:5      | Entered Level 5 of the Dungeon
  3348 | D:5      | Found Kew Yrghe's General Store.
  3368 | D:5      | Bought a scroll of blinking for 105 gold pieces
  3368 | D:5      | Bought a potion of heal wounds for 70 gold pieces
  3368 | D:5      | Bought a scroll of identify for 28 gold pieces
  3368 | D:5      | Bought a scroll of teleportation for 42 gold pieces
  3438 | D:5      | Reached skill level 8 in Maces & Flails
  3578 | D:5      | Reached XP level 8. HP: 88/88 MP: 10/10
  3636 | D:5      | Noticed Blork the orc
  3641 | D:5      | Killed Blork the orc
  3768 | D:5      | Found a staircase to the Ecumenical Temple.
  3774 | D:5      | Reached skill level 5 in Dodging
  3823 | D:5      | Reached skill level 9 in Maces & Flails
  3841 | D:5      | Noticed a troll
  3855 | D:5      | Slain by a troll

Skill      XL: |  1  2  3  4  5  6  7  8 |
---------------+-------------------------+-----
Maces & Flails | 4 5 6 7 8 9 |  9.1
Dodging        | 3 4 5 |  5.1
Fighting       | 4 5 6 |  6.1
Evocations     | 1 2 3 |  3.7

Action                   |  1- 3 |  4- 6 |  7- 9 || total
-------------------------+-------+-------+-------++-------
Melee: Mace              |   180 |    13 |       ||   193
       Flail             |       |    28 |       ||    28
       Morningstar       |       |    65 |   134 ||   199
Invok: Berserk           |       |     1 |     2 ||     3
  Use: Scroll            |       |     3 |     1 ||     4
       Potion            |       |       |     4 ||     4
 Stab: Sleeping          |     1 |       |       ||     1
  Eat: Chunk             |     7 |     8 |     8 ||    23
Armor: Skin              |   130 |    83 |   144 ||   357
Dodge: Dodged            |   143 |   108 |   124 ||   375
